 Dungeon Crawl Stone Soup version 0.18.1-5-g4a78601 (webtiles) character file.

650 dorian the Martial Artist (level 7, -8/52 HPs)
             Began as a Pale Draconian Transmuter on May 12, 2016.
             Was an Initiate of Cheibriados.
             Mangled by an orc warrior
             ... wielding a +0 battleaxe
              (18 damage)
             ... on level 5 of the Dungeon.
             The game lasted 00:10:52 (4663 turns).

dorian the Martial Artist (DrTm)                    Turns: 4663, Time: 00:10:53

Health: -8/52      AC: 10    Str: 21    XL:     7   Next: 28%
Magic:  10/10      EV: 17    Int: 15    God:    Cheibriados [......]
Gold:   169        SH:  0    Dex: 19    Spells: 2 memorised, 7 levels left

rFire  . . .     SeeInvis .     s - +1 falchion (elec)
rCold  . . .     Gourm    .     (armour unavailable)
rNeg   . . .     Faith    .     (no shield)
rPois  .         Spirit   .     (helmet restricted)
rElec  .         Dismiss  .     (no cloak)
rCorr  .         Reflect  .     f - +0 pair of gloves
SustAt .         Harm     .     y - +2 pair of boots
MR     .....                    (no amulet)
Stlth  +++.......               v - +3 ring of strength
                                g - +5 ring of strength

@: agile, short of breath, very slow, not resistant to hostile enchantments,
fairly stealthy
A: breathe steam, unfitting armour, cold-blooded, AC +6
a: Breathe Steam, Bend Time, Renounce Religion


You were on level 5 of the Dungeon.
You worshipped Cheibriados.
Cheibriados was noncommittal.
You were hungry.

You visited 2 branches of the dungeon, and saw 6 of its levels.

You collected 169 gold pieces.

Inventory:

Hand Weapons
 s - a +1 falchion of electrocution (weapon)
Missiles
 a - 87 arrows
Armour
 f - a +0 pair of gloves (worn)
 y - a +2 pair of boots (worn)
Jewellery
 g - a +5 ring of strength (left hand)
 p - an uncursed ring of wizardry
 v - a +3 ring of strength (right hand)
Wands
 h - a wand of random effects (16/48)
 u - a wand of lightning (1/15)
Scrolls
 d - 7 scrolls of identify
 e - 11 scrolls of remove curse
Potions
 i - a potion of brilliance
 j - 3 potions of curing
 k - a potion of heal wounds
 l - a potion of cure mutation
 r - a potion of cancellation
Books
 b - a book of Changes

   Spells                             Type                      Level
   a - Beastly Appendage              Transmutation                1
   b - Sticks to Snakes               Transmutation                2
   c - Spider Form                    Transmutation/Poison         3
   d - Ice Form                       Ice/Transmutation            4
   e - Blade Hands                    Transmutation                5
Comestibles
 c - 2 bread rations
 o - a meat ration
 t - 2 fruits


   Skills:
 - Level 1.1 Fighting
 - Level 1.7 Dodging
 * Level 8.2 Unarmed Combat
 - Level 2.0 Spellcasting
 + Level 3.0 Transmutations


You had 7 spell levels left.
You knew the following spells:

 Your Spells              Type           Power        Failure   Level  Hunger
a - Beastly Appendage     Trmt           ##....       8%          1    #......
b - Sticks to Snakes      Trmt           ##......     12%         2    ###....


Dungeon Overview and Level Annotations

Branches:
Dungeon (5/15)             Temple (1/1) D:4

Altars:
Ashenzari
Cheibriados
Elyvilon
Fedhas
Gozag
Kikubaaqudgha
Makhleb
Nemelex Xobeh
Qazlal
Trog
Vehumet
Xom
Yredelemnul

Shops:
D:5 *

Annotations:
D:4 Sigmund


Innate Abilities, Weirdness & Mutations

You can breathe blasts of scalding, opaque steam.
Your pale cyan-grey scales are hard (AC +6).
Your body does not fit into most forms of armour.
You are cold-blooded and may be slowed by cold attacks.


Message History

You exhale a blast of scalding steam.
The ball of steam hits the orc warrior.
The orc warrior appears unharmed.
The orc warrior is lightly wounded.
You feel somewhat more hungry. The orc hits you with a morningstar.
The orc warrior is engulfed in a cloud of scalding steam.
The orc warrior completely misses you.
You barely miss the orc warrior.
Your tail-slap misses the orc warrior.
The orc warrior is moderately wounded.
The orc misses you.
The orc warrior is engulfed in a cloud of scalding steam.
The orc warrior hits you with a battleaxe!
* * * LOW HITPOINT WARNING * * *
You hit the orc warrior.
You tail-slap the orc warrior, but do no damage.
The orc warrior is severely wounded.
The orc hits you with a morningstar.
* * * LOW HITPOINT WARNING * * *
The orc warrior is engulfed in a cloud of scalding steam.
The orc warrior hits you with a battleaxe!!
You die...

#...#.### ##.##...# ##...#.#.#
#..###.# #........#
#..##..###########
#........#####..........)....#
#...........(#..#...########)#
#.......####.#.§#....# )#
#........# #...§.§#..# $#
#........###.#..oo...# .#
########.#......@##.## o.
.#...#....#.# ## #...#.#..#.#
#...#.#<>..# #...#.######
#...#.. #######


You could see an orc warrior and an orc.

Vanquished Creatures
  A scorpion (D:5)
  A howler monkey (D:4)
  2 vampire bats (D:3)
  A jelly (D:5)
  A quasit (D:3)
  2 hounds
  3 orc wizards
  A worker ant (D:5)
  2 gnolls (D:4)
  6 adders
  An ooze (D:1)
  2 worms
  2 dart slugs (D:1)
  6 giant geckos
  17 orcs
  2 ball pythons
  17 bats
  9 giant cockroaches
  13 goblins
  6 hobgoblins
  21 jackals
  9 kobolds
  2 quokkas (D:2)
  2 giant newts
  A quokka zombie (D:5)
  8 rats
  A spectral orc (D:4)
139 creatures vanquished.

Vanquished Creatures (others)
  An orc (D:3)
1 creature vanquished.

Grand Total: 140 creatures vanquished

Notes
Turn   | Place    | Note
--------------------------------------------------------------
     0 | D:1      | dorian the Draconian Transmuter began the quest for the Orb.
     0 | D:1      | Reached XP level 1. HP: 16/16 MP: 3/3
   117 | D:1      | Reached XP level 2. HP: 15/23 MP: 5/5
   533 | D:1      | Reached XP level 3. HP: 19/28 MP: 6/6
   755 | D:1      | Reached skill level 4 in Unarmed Combat
  1188 | D:2      | Found a sparkling altar of Nemelex Xobeh.
  1342 | D:2      | Found a stormy altar of Qazlal.
  1450 | D:2      | Found a shattered altar of Ashenzari.
  1458 | D:2      | Reached XP level 4. HP: 21/35 MP: 7/7
  1825 | D:3      | Reached skill level 5 in Unarmed Combat
  2441 | D:3      | Reached XP level 5. HP: 36/40 MP: 8/8
  2755 | D:3      | Reached skill level 6 in Unarmed Combat
  3051 | D:3      | Reached XP level 6. HP: 44/47 MP: 9/9
  3253 | D:4      | Noticed Sigmund
  3570 | D:4      | Reached skill level 7 in Unarmed Combat
  3816 | D:4      | Found a basalt altar of Yredelemnul.
  3850 | D:5      | Entered Level 5 of the Dungeon
  3850 | D:5      | Found an opulent altar of Gozag.
  3868 | D:4      | Found a bloodstained altar of Trog.
  3918 | D:4      | Found a staircase to the Ecumenical Temple.
  3926 | Temple   | Entered the Ecumenical Temple
  4100 | Temple   | Became a worshipper of Cheibriados the Contemplative
  4217 | D:5      | Learned a level 2 spell: Sticks to Snakes
  4258 | D:5      | Your scales start taking on a pale cyan-grey colour.
  4258 | D:5      | Reached XP level 7. HP: 29/52 MP: 10/10
  4442 | D:5      | Found a burning altar of Makhleb.
  4442 | D:5      | Noticed a balrug
  4529 | D:5      | Reached skill level 8 in Unarmed Combat
  4593 | D:5      | Found Gozag's Platinum Reserve.
  4663 | D:5      | Mangled by an orc warrior

Skill      XL: |  1  2  3  4  5  6  7 |
---------------+----------------------+-----
Unarmed Combat | 4 5 6 7 8 |  8.2
Transmutations | 3 |  3.0
Fighting       | |  1.1
Dodging        | |  1.7
Spellcasting   | |  2.0

Action                   |  1- 3 |  4- 6 |  7- 9 || total
-------------------------+-------+-------+-------++-------
Melee: Unarmed           |   156 |    36 |       ||   192
       Tailslap          |    15 |    36 |     2 ||    53
       Punch             |     3 |     8 |     1 ||    12
       Falchion          |       |   235 |    22 ||   257
       Headbutt          |       |     1 |       ||     1
 Cast: Beastly Appendage |       |     1 |       ||     1
 Abil: Breathe Steam     |       |       |     2 ||     2
Evoke: Wand              |       |       |     3 ||     3
  Use: Scroll            |       |    12 |       ||    12
       Potion            |       |       |     2 ||     2
 Stab: Sleeping          |     1 |     3 |     1 ||     5
       Distracted        |       |     1 |       ||     1
  Eat: Chunk             |     2 |     8 |     1 ||    11
       Beef jerky        |       |     1 |       ||     1
Armor: Skin              |    47 |   136 |     9 ||   192
Dodge: Dodged            |   118 |   237 |    17 ||   372
